 Dungeon Crawl Stone Soup version 0.18.1-48-g4cf74bf (webtiles) character file.

130 Alarkh the Shooter (level 4, 0/33 HPs)
             Began as a Mummy Hunter on Sept 4, 2016.
             Slain by a worker ant (5 damage)
             ... on level 3 of the Dungeon.
             The game lasted 00:04:13 (2859 turns).

Alarkh the Shooter (Mummy Hunter)                   Turns: 2859, Time: 00:04:14

Health: 0/33       AC:  4    Str: 15    XL:     4   Next: 90%
Magic:  0/13       EV: 11    Int: 11    God:
Gold:   152        SH:  0    Dex: 12    Spells: 0 memorised, 3 levels left

rFire  x . .     SeeInvis .     a - +1 shortbow
rCold  + . .     Gourm    .     c - +0 leather armour
rNeg   + + +     Faith    .     (shield currently unavailable)
rPois  ∞         Spirit   +     f - +0 helmet
rElec  .         Dismiss  .     (no cloak)
rCorr  .         Reflect  .     (no gloves)
SustAt .         Harm     .     (no boots)
MR     +....                    p - amulet of guardian spirit
Stlth  +.........               t - ring of protection from magic
                                w - ring of magical power

@: somewhat resistant to hostile enchantments, very unstealthy
A: no food or potions, fire vulnerability, cold resistance 1, negative energy
resistance 3, torment resistance, unbreathing
a: no special abilities


You were on level 3 of the Dungeon.
You were not hungry.

You visited 1 branch of the dungeon, and saw 4 of its levels.

You collected 152 gold pieces.

Inventory:

Hand Weapons
 a - a +1 shortbow (weapon)
 b - a +0 dagger of draining
 m - a +0 short sword
Missiles
 d - 3 arrows (quivered)
Armour
 c - a +0 leather armour (worn)
 f - a +0 helmet (worn)
Jewellery
 g - an uncursed amulet of dismissal
 n - an uncursed ring of flight
 p - an amulet of guardian spirit (around neck)
 t - a ring of protection from magic (right hand)
 u - an uncursed ring of protection from fire
 v - the ring "Zydogaz" {Ice rN+}
   (You took it off a goblin on level 4 of the Dungeon)

   [ring of ice]

   It enhances your ice magic, and weakens your fire magic.
   It makes you vulnerable to fire.
   It protects you from cold.
   It protects you from negative energy.
 w - a ring of magical power (left hand)
Wands
 s - a wand of iceblast (9/15)
Scrolls
 e - a scroll of blinking {unknown}
 h - a scroll of noise
 i - a scroll of recharging {unknown}
 j - a scroll of remove curse {unknown}
 k - 2 scrolls of identify {unknown}
 l - a scroll of amnesia {unknown}
 q - 2 scrolls of magic mapping {unknown}
 r - 2 scrolls of random uselessness {unknown}
Books
 o - a book of the Dragon

   Spells                             Type                      Level
   a - Flame Tongue                   Conjuration/Fire             1
   b - Cause Fear                     Hexes                        4
   c - Bolt of Fire                   Conjuration/Fire             6
   d - Dragon Form                    Transmutation                7
   e - Dragon's Call                  Summoning                    9


   Skills:
 - Level 2.0 Fighting
 + Level 5.2 Bows
 - Level 1.5 Dodging
 - Level 0.7 Stealth


You had 3 spell levels left.
You didn't know any spells.

Dungeon Overview and Level Annotations

Branches:
Dungeon (4/15)
 Temple: D:4-7

Altars:
Ashenzari
Cheibriados
Nemelex Xobeh


Innate Abilities, Weirdness & Mutations

You do not eat or drink.
Your flesh is vulnerable to fire.
You are immune to poison.
Your flesh is cold resistant.
You are immune to negative energy.
You are immune to unholy pain and torment.
You can survive without breathing.


Message History

Firing (i - inventory):
d - 6 arrows (quivered)
Press: ? - help, Shift-Dir - straight line, f - worker ant
Aim: a worker ant (lightly wounded)
You shoot an arrow. The arrow barely misses the worker ant.
The worker ant bites you but does no damage. x2
Firing (i - inventory):
d - 5 arrows (quivered)
Press: ? - help, Shift-Dir - straight line, f/p - worker ant
Aim: a worker ant (lightly wounded)
You shoot an arrow.
The arrow hits the worker ant but does no damage.
The worker ant is lightly wounded.
The worker ant bites you.
* * * LOW HITPOINT WARNING * * *
Firing (i - inventory):
d - 4 arrows (quivered)
Press: ? - help, Shift-Dir - straight line, f/p - worker ant
Aim: a worker ant (lightly wounded)
You shoot an arrow. The arrow hits the worker ant.
The worker ant is heavily wounded.
The worker ant bites you.
You die...

#.....# # #.....# ###########
#
#.....############.........###
#.[..........(..............÷.
#....>........................
#############[####.....)...###
#(# #.........# #a#
#.........# #@# #############
#.# #. #.# #. #.# #. ######
#.# #. #)...# #.# #.
#....#######.#### #.
#....##.........# ##
#....##.........#


You could see a worker ant.

Vanquished Creatures
  5 adders
  An ooze (D:1)
  A worm (D:2)
  2 dart slugs
  3 giant geckos
  6 orcs
  A ball python (D:3)
  4 bats
  2 giant cockroaches (D:2)
  8 goblins
  10 hobgoblins
  2 jackals (D:3)
  6 giant newts
  11 kobolds
  2 rats
64 creatures vanquished.

Notes
Turn   | Place    | Note
--------------------------------------------------------------
     0 | D:1      | Alarkh the Mummy Hunter began the quest for the Orb.
     0 | D:1      | Reached XP level 1. HP: 16/16 MP: 1/1
   135 | D:1      | Reached XP level 2. HP: 22/22 MP: 2/2
   614 | D:1      | Reached skill level 4 in Bows
   864 | D:2      | Reached XP level 3. HP: 19/27 MP: 3/3
   928 | D:2      | Found a sparkling altar of Nemelex Xobeh.
  1929 | D:2      | Reached XP level 4. HP: 17/33 MP: 1/4
  2129 | D:3      | Found a shattered altar of Ashenzari.
  2488 | D:3      | Reached skill level 5 in Bows
  2730 | D:4      | Found a snail-covered altar of Cheibriados.
  2779 | D:4      | Noticed a phantom
  2796 | D:4      | Got a faintly glowing copper ring
  2823 | D:4      | Identified the ring "Zydogaz" {Ice rN+} (You took it off a goblin on level 4 of the Dungeon)
  2859 | D:3      | Slain by a worker ant

Skill      XL: |  1  2  3  4 |
---------------+-------------+-----
Bows           | 4 5 |  5.2
Fighting       | |  2.0
Dodging        | |  1.5
Stealth        | |  0.7

Action                   |  1- 3 |  4- 6 || total
-------------------------+-------+-------++-------
Melee: Short sword       |    53 |       ||    53
       Dagger            |    41 |   103 ||   144
 Fire: Shortbow          |    45 |    14 ||    59
  Use: Scroll            |       |     1 ||     1
Armor: Leather armour    |    30 |    35 ||    65
Dodge: Dodged            |    68 |    66 ||   134
